 Dungeon Crawl Stone Soup version 0.30-a0-996-ga6910c8ee8 (webtiles) character file.

Game seed: 9546495498733880800

59 BlueFish the Insei (level 4, 0/28 HPs)
             Began as an Octopode Transmuter on Apr 4, 2023.
             Slain by a bat (1 damage)
             ... on level 2 of the Dungeon.
             The game lasted 00:02:29 (976 turns).

BlueFish the Insei (Octopode Transmuter)             Turns: 976, Time: 00:02:30

Health: 0/28       AC:  1    Str: 11    XL:     4   Next: 3%
Magic:  4/7        EV: 13    Int: 15    God:
Gold:   50         SH:  0    Dex: 12    Spells: 1/7 levels left

rFire   . . .      SeeInvis .      - Unarmed
rCold   . . .      Faith    .    (no shield)
rNeg    . . .      Spirit   .    (helmet currently unavailable)
rPois   .          Reflect  .    (no amulet)
rElec   .          Rampage  .    (no ring)
rCorr   .                        (no ring)
Will    .....                    (no ring)
Stlth   +++                      (no ring)
HPRegen 0.24/turn                (no ring)
MPRegen 0.10/turn                (no ring)
                                 (no ring)
                                 (no ring)

@: appendages
A: tentacle spike 3, almost no armour, amphibious, 8 rings, camouflage 1,
gelatinous body 1, (nimble swimmer 1), tentacles
a: End Transformation


You were on level 2 of the Dungeon.
One of your tentacles had grown a beastly spike.
You visited 1 branch of the dungeon, and saw 2 of its levels.

You collected 50 gold pieces.

Inventory:

Missiles
 d - 20 stones
 e - 2 poisoned darts
Scrolls
 b - a scroll of enchant weapon
 c - a scroll of identify {unknown}
Potions
 a - a potion of lignification
 f - a potion of degeneration {unknown}


   Skills:
 + Level 1.4 Fighting
 + Level 2.3 Dodging
 * Level 2.6 Stealth
 + Level 3.3 Unarmed Combat
 + Level 2.2 Spellcasting
 + Level 2.3 Transmutations
 * Level 0.9 Poison Magic


You had one spell level left.
You knew the following spells:

 Your Spells              Type           Power      Damage    Failure   Level
a - Beastly Appendage     Tmut           16%        N/A       9%          1
b - Wereblood             Tmut           8%         N/A       13%         2
c - Spider Form           Tmut/Pois      6%         N/A       32%         3

Your spell library contained the following spells:

 Spells                   Type           Power      Damage    Failure   Level
 Ice Form                 Ice/Tmut       5%         N/A       80%         4


Dungeon Overview and Level Annotations

Branches:
Dungeon (2/15)

Altars:


Innate Abilities, Weirdness & Mutations

One of your tentacles has grown a beastly spike.
You cannot wear most types of armour.
You are amphibious.
You can wear up to eight rings at the same time.
Your skin changes colour to match your surroundings (Stealth+).
Your rubbery body absorbs attacks. (AC +1, EV +1)
((You are camouflaged when in or above water. (Stealth+)))
You have tentacles for arms and can constrict up to eight enemies at once.


Message History

The ball python grabs you. The ball python constricts you.
* * * LOW HITPOINT WARNING * * *
You escape the ball python's grasp.
The bat hits you.
* * * LOW HITPOINT WARNING * * *
The bat hits you.
* * * LOW HITPOINT WARNING * * *
The bat attacks as you move away! The bat hits you but does no damage.
The bat closely misses you. The bat hits you but does no damage.
The bat hits you.
* * * LOW HITPOINT WARNING * * *
The bat barely misses you. x2
The bat hits you but does no damage. The bat closely misses you. x2
The bat attacks as you move away! The bat hits you.
* * * LOW HITPOINT WARNING * * *
You howl as the wereblood boils in your veins!
The bat barely misses you.
You bludgeon the bat!
You feel a bit better.
You kill the bat!
Your primal bloodlust is almost over.
Casting: Wereblood (safe; 13% risk of failure)
Confirm with . or Enter, or press ? or * to list all spells.
One of your tentacles grows a vicious spike.
A worm comes into view.
You closely miss the ball python. You grab the ball python.
You pierce the ball python.
The ball python is severely wounded.
You constrict the ball python.
You feel a bit better.
You kill the ball python!
You barely miss the worm. You grab the worm.
You pierce the worm.
You tentacle-slap the worm.
The worm is heavily wounded.
You constrict the worm. The worm bites you!
* * * LOW HITPOINT WARNING * * *
You bludgeon the worm!
The worm is almost dead.
Your primal bloodlust has ended.
You constrict the worm.
You kill the worm!
The bat hits you.
You die...

#........ #.......#
#.......### ###
#.......##. ..#
#....?..# .. #.#
.......# .####.#
######.?..## ...##.#
#...@b....##.##.##.#
..w...######.##.##.##)#
###..
##..##†.........## #.
#.......###..###.. ..
#...#.†.#.....# #.# .#
#.. ##...$....# #.# #
##.####### #.. #.# #.#
#.# #..


You could see a worm and a bat.

Vanquished Creatures
  An adder (D:2)
  A worm (D:2)
  2 dart slugs (D:1)
  3 ball pythons
  6 bats
  4 endoplasms
  5 hobgoblins
  6 jackals (D:1)
  A quokka (D:1)
  4 goblins
  4 kobolds
  4 rats
41 creatures vanquished.

Notes
Turn   | Place    | Note
-------+----------+-------------------------------------------
     0 | D:1      | BlueFish the Octopode Transmuter began the quest for the
                  | Orb.
     0 | D:1      | Reached XP level 1. HP: 13/13 MP: 3/3
   132 | D:1      | Reached skill level 1 in Stealth
   132 | D:1      | Reached XP level 2. HP: 18/18 MP: 3/5
   135 | D:1      | Learned a level 2 spell: Wereblood
   391 | D:1      | Reached XP level 3. HP: 23/23 MP: 6/6
   395 | D:1      | Learned a level 3 spell: Spider Form
   964 | D:2      | Reached XP level 4. HP: 11/28 MP: 4/7
   975 | D:2      | HP: 1/28 [worm (10)]
   976 | D:2      | Slain by a bat

Illustrated notes

Levels and vault maps discovered:
D:1:      dpeg_arrival_concentric_ovals, layout_loops_ring
D:2:      layout_loops_cross, basic_ecumenical_altar, minmay_cupped

Skill      XL: |  1  2 |
---------------+-------+-----
Stealth        | 1 2 |  2.6
Fighting       | |  1.4
Dodging        | |  2.3
Unarmed Combat | |  3.3
Spellcasting   | |  2.2
Transmutations | |  2.3
Poison Magic   | |  0.9

Action                     |  1- 3 |  4- 6 || total
---------------------------+-------+-------++-------
  Melee: Unarmed           |    84 |     5 ||    89
         Constrict         |    26 |     2 ||    28
         Tentacles         |    12 |       ||    12
         Kick              |     6 |     2 ||     8
         Punch             |     2 |     1 ||     3
   Cast: Beastly Appendage |     3 |     1 ||     4
         Wereblood         |     2 |       ||     2
    Use: Scroll            |     1 |       ||     1
   Stab: Sleeping          |    12 |       ||    12
 Armour: Skin              |    13 |     5 ||    18
  Dodge: Dodged            |    60 |     8 ||    68

Table legend: (Time is in decaauts)
 A = Elapsed time spent in this place.
 B = Non-inter-level travel time spent in this place.
 C = Inter-level travel time spent in this place.
 D = Time resting spent in this place.
 E = Time spent auto-exploring this place.
 F = Levels seen in this place.
 G = Mean time per level.
                   A        B        C        D        E       F      G
               +--------+--------+--------+--------+--------+-----+--------+
         Total |    971 |    950 |     21 |     32 |    660 |   2 |  485.5 |
       Dungeon |    971 |    950 |     21 |     32 |    660 |   2 |  485.5 |
               +--------+--------+--------+--------+--------+-----+--------+

Top non-repeatable levels by time:
     D:1: 803 daAuts
     D:2: 167 daAuts
